 Dungeon Crawl Stone Soup version 0.23-a0-143-g1adec7b (webtiles) character file.

75 galech the Chopper (level 4, -6/35 HPs)
             Began as a Demonspawn Monk on Sept 4, 2018.
             Killed by nerve-wracking pain
             ... invoked by an orc priest
              (10 damage)
             ... on level 3 of the Dungeon.
             The game lasted 00:01:50 (1790 turns).

galech the Chopper (Demonspawn Monk)                Turns: 1790, Time: 00:01:51

Health: -6/35      AC:  5    Str: 12    XL:     4   Next: 11%
Magic:  4/4        EV: 12    Int: 11    God:
Gold:   89         SH:  0    Dex: 16    Spells: 3/3 levels left

rFire    + . .     SeeInvis .   a - +0 hand axe
rCold    x . .     Gourm    .   (no shield)
rNeg     . . .     Faith    .   n - +0 ring mail
rPois    .         Spirit   .   (no helmet)
rElec    .         Reflect  .   (no cloak)
rCorr    .         Harm     .   (no gloves)
MR       .....                  (no boots)
Stlth    +.........             (no amulet)
HPRegen  0.11/turn              h - ring of fire
MPRegen  0.09/turn              (no ring)

@: drained
A: demonic guardian 1
a: no special abilities


You were on level 3 of the Dungeon.
You were hungry.

You visited 1 branch of the dungeon, and saw 3 of its levels.

You collected 89 gold pieces.

Inventory:

Hand Weapons
 a - a +0 hand axe (weapon)
Armour
 n - a +0 ring mail (worn)
Jewellery
 h - a ring of fire (left hand)
Scrolls
 e - a scroll of enchant weapon {unknown}
 g - a scroll of blinking {unknown}
 k - 3 scrolls of remove curse {unknown}
 l - a scroll of enchant armour {unknown}
 m - a scroll of teleportation {unknown}
Potions
 f - a potion of curing {unknown}
 i - a potion of cancellation {unknown}
 j - a potion of lignification {unknown}
Comestibles
 c - 4 rations


   Skills:
 + Level 3.4(3.1) Fighting
 + Level 3.6(3.4) Axes
 + Level 0.4(0.2) Armour
 + Level 3.1(2.9) Dodging
 + Level 2.2(2.0) Stealth


You had 3 spell levels left.
You didn't know any spells.
Your spell library was empty.

Dungeon Overview and Level Annotations

Branches:
Dungeon (3/15)

Altars:


Innate Abilities, Weirdness & Mutations

A weak demonic guardian rushes to your aid.


Message History

Your quasit claws the orc priest.
The orc hits you from afar with a trident.
The orc hits you but does no damage.
You feel drained.
The orc priest hits you but does no damage.
The orc hits you with a morningstar!
* * * LOW HITPOINT WARNING * * *
Your quasit bites the orc priest but does no damage.
Your quasit barely misses the orc priest.
Your quasit claws the orc priest.
You completely miss the orc priest.
The orc priest is almost dead.
You closely miss the orc. x2; The orc barely misses you.
The orc hits you from afar with a trident!
* * * LOW HITPOINT WARNING * * *
Your quasit barely misses the orc priest.
Your quasit closely misses the orc priest.
Your quasit claws the orc priest but does no damage.
The orc priest invokes the aid of Beogh against you.
Pain shoots through your body!
You die...

##### #...#
##♣.>.♣#######
#.o5o...#.o.o#
#.@o♣...'.##.#
#..o.)..####o#
##♣.<.♣## #o#
#...# #o#
#####


oo# o.# .... #..# #..# You could see an orc priest, 3 orcs and a friendly
quasit.

Vanquished Creatures
  An orc priest (D:3)
  A dart slug (D:2)
  2 leopard geckos (D:2)
  An orc (D:3)
  A giant cockroach (D:2)
  4 goblins
  6 hobgoblins
  4 ball pythons
  4 bats
  A frilled lizard (D:2)
  2 kobolds
  5 rats
32 creatures vanquished.

Vanquished Creatures (collateral kills)
  An adder (D:3)
  An orc (D:3)
2 creatures vanquished.

Grand Total: 34 creatures vanquished

Notes
Turn   | Place    | Note
-------+----------+-------------------------------------------
     0 | D:1      | galech the Demonspawn Monk began the quest for the Orb.
     0 | D:1      | Reached XP level 1. HP: 18/18 MP: 1/1
   263 | D:1      | Gained mutation: A weak demonic guardian rushes to your
                  | aid. [demonic ancestry]
   263 | D:1      | Reached XP level 2. HP: 17/24 MP: 2/2
  1152 | D:2      | Reached XP level 3. HP: 29/29 MP: 3/3
  1663 | D:3      | Reached XP level 4. HP: 30/35 MP: 4/4
  1790 | D:3      | Killed from afar by an orc priest

Vault maps used:
D:1:      shiori_shiawase
D:3:      grunt_temple_overflow_opulence, first_ration, grunt_ministairs_7,
          tgw_xom, uniq_grinder

Skill      XL: |  1  2  3 |
---------------+----------+-----
Axes           | 3 |  3.6
Stealth        | 2 |  2.2
Dodging        | 3 |  3.1
Fighting       | |  3.4
Armour         | |  0.4

Action                   |  1- 3 |  4- 6 || total
-------------------------+-------+-------++-------
Melee: Hand axe          |   109 |     4 ||   113
 Stab: Sleeping          |     7 |       ||     7
       Distracted        |       |     1 ||     1
  Eat: Chunk             |     2 |       ||     2
Armor: Robe              |    12 |       ||    12
       Ring mail         |    15 |     2 ||    17
Dodge: Dodged            |    81 |    12 ||    93

Table legend:
 A = Non-vault XP
 B = Vault XP
 C = Vault XP percentage of total XP
 D = Non-vault monster count
 E = Vault monster count
 F = Vault count percentage of total count
                 A         B        C        D         E       F
            +---------+---------+-------+---------+---------+-------
      Total |     104 |       4 |   3.7 |      32 |       2 |   5.9
            +---------+---------+-------+---------+---------+-------
        D:1 |      15 |       0 |   0.0 |      11 |       0 |   0.0
        D:2 |      34 |       0 |   0.0 |      17 |       0 |   0.0
        D:3 |      55 |       4 |   6.8 |       4 |       2 |  33.3
            +---------+---------+-------+---------+---------+-------
